Map: Prion Terraces

Players

Bogus

  • Race: Terran Terran
  • League: Master

Cereal - Winner!

  • Race: Zerg Zerg
  • League: Master

VOD

Have the link to the VOD?

Description

Time

  • Played on: March 23, 2016, 4:55 a.m.
  • Length: 12:06
Show
View Real Time Build Order
Export as new Build Order

Bogus Terran 

Build Orders: MMM Bio 

Get SALT Encoding   

  12  0:01  SCV  
  13  0:13  SCV  
  14  0:18  Supply Depot  
  14  0:25  SCV  
  15  0:39  SCV  
  15  0:41  Barracks  
  16  0:51  SCV  
  17  1:03  SCV  
  18  1:14  Command Center  
  18  1:17  SCV  
  19  1:29  Marine  
  19  1:30  Orbital Command  
  20  1:40  Supply Depot  
  20  1:46  Marine  
  21  1:48  Refinery  
  21  1:55  SCV  
  21  2:00  Refinery  
  22  2:04  Bunker, Marine  
  23  2:12  SCV  
  24  2:27  Orbital Command  
  24  2:28  SCV  
  25  2:34  Supply Depot  
  25  2:40  SCV  
  25  2:41  Barracks Reactor  
  26  2:52  SCV  
  26  2:54  SCV  
  28  3:00  Factory  
  28  3:05  SCV  
  29  3:06  SCV  
  29  3:09  Barracks  
  30  3:17  SCV  
  30  3:18  SCV  
  32  3:26  Barracks Tech Lab  
  32  3:29  SCV  
  32  3:30  SCV  
  32  3:32  Engineering Bay  
  34  3:38  Barracks  
  34  3:41  SCV  
  35  3:43  SCV  
  35  3:47  Stimpack  
  36  3:52  Hellion x2  
  36  3:53  SCV  
  36  3:54  Marine  
  36  3:55  SCV, Refinery  
  43  3:59  Supply Depot  
  43  4:03  Terran Infantry Weapons Level 1  
  43  4:05  Barracks Reactor, SCV  
  43  4:07  SCV  
  45  4:12  Marine  
  45  4:14  Hellion x2, Supply Depot  
  50  4:17  SCV  
  50  4:19  SCV  
  52  4:28  Barracks Reactor  
  52  4:29  Starport, SCV  
  52  4:30  Marine  
  54  4:32  Supply Depot  
  54  4:35  Hellion x2  
  58  4:43  Marine x2  
  58  4:47  SCV  
  58  4:48  Marine  
  58  4:50  Supply Depot  
  58  4:51  Supply Depot  
  58  4:59  SCV  
  59  5:01  Barracks, Marine  
  59  5:04  Armory, SCV, Barracks  
  59  5:06  Marine  
  62  5:11  Marine  
  62  5:12  Marine  
  64  5:18  Factory Reactor  
  64  5:19  Medivac x2  
  68  5:21  Marine  
  69  5:31  SCV  
  69  5:35  Command Center  
  70  5:37  SCV  
  71  5:48  Combat Shields  
  68  5:51  SCV  
  68  5:52  Medivac x2, Marine  
  68  5:54  SCV  
  68  5:56  Command Center  
  75  5:59  Widow Mine x2  
  75  6:02  Marine x3  
  82  6:05  SCV  
  82  6:08  Terran Infantry Armor Level 1, Refinery  
  83  6:17  Supply Depot  
  83  6:18  Missile Turret  
  83  6:27  Widow Mine x2  
  83  6:28  Marine x2  
  83  6:48  Marine x2  
  83  6:49  Marauder  
  73  6:56  Widow Mine  
  72  7:02  Marine  
  71  7:10  Marauder, Marine x4  
  71  7:11  SCV  
  71  7:15  Engineering Bay  
  78  7:16  Marine  
  78  7:19  Widow Mine  
  78  7:20  Marine  
  78  7:21  SCV  
  82  7:23  SCV  
  82  7:24  Factory, Widow Mine  
  82  7:27  Marine  
  82  7:28  Marine  
  82  7:29  Missile Turret  
  87  7:31  Marauder, Orbital Command  
  87  7:33  SCV  
  87  7:35  SCV  
  87  7:36  Marine x2  
  93  7:38  Marine x2  
  95  7:45  Barracks  
  95  7:46  Barracks, Marine  
  95  7:48  Widow Mine  
  95  7:49  Marine  
  99  7:53  Marauder, Marine x2  
  99  7:55  Marine  
  99  7:56  Marine  
  105  8:02  Terran Infantry Weapons Level 2  
  105  8:04  Marine  
  106  8:07  Marine  
  93  8:22  Marine  
  93  8:23  Marauder  
  83  8:28  Marine x2, Widow Mine  
  83  8:29  Hellion  
  86  8:37  Marine x2  
  86  8:38  SCV x2  
  88  8:42  Liberator x2  
  88  8:43  Marine x2  
  88  8:44  Marauder  
  88  8:46  Marine  
  87  8:49  Marine x2  
  87  8:50  Terran Infantry Armor Level 2  
  87  8:52  SCV x2  
  87  8:55  Barracks  
  89  8:57  Barracks x2  
  89  8:58  Barracks  
  89  9:00  Marine  
  96  9:06  Marauder  
  98  9:10  Marine x2  
  98  9:12  Marine  
  97  9:25  Liberator x2  
  97  9:27  Marauder  
  84  9:32  Marine x2  
  84  9:33  Marine  
  84  9:35  Marine  
  84  9:38  SCV  
  86  9:43  Starport x2  
  86  9:44  Barracks Tech Lab x2  
  86  9:45  Barracks Tech Lab x3  
  92  9:47  Refinery  
  92  9:48  Refinery  
  92  9:49  Marauder  
  94  9:58  Marine x2  
  94  9:59  Marine x5  
  101  10:01  Widow Mine  
  101  10:04  Marine  
  104  10:07  Liberator, Orbital Command  
  104  10:09  Marine x2  
  104  10:10  Marauder  
  108  10:15  Marine  
  99  10:30  Liberator, Marauder x2, Marine x4  
  99  10:31  Marauder  
  107  10:36  Starport Tech Lab, SCV  
  108  10:48  Refinery  
  108  10:49  Refinery  
  108  10:53  Marauder, Widow Mine x2  
  108  10:56  Marine x3  
  117  11:00  Supply Depot  
  117  11:01  Supply Depot  
  117  11:02  Supply Depot  
  117  11:04  Liberator  
  117  11:06  Supply Depot  
  117  11:07  Supply Depot x2, Missile Turret  
  117  11:21  Marauder, Marine x3  
  117  11:22  Marine x4, Widow Mine x2  
  117  11:23  Marine x2  
  117  11:24  Marauder, Marine  
  138  11:25  Marine  
Show
View Real Time Build Order
Export as new Build Order

Cereal Zerg - Winner!

Build Orders: Hatch First, Muta Ling Bane 

Get SALT Encoding   

  12  0:00  Drone  
  13  0:12  Overlord  
  13  0:19  Drone  
  14  0:31  Drone x2  
  14  0:35  Drone  
  17  0:52  Hatchery  
  17  0:55  Drone  
  17  0:58  Drone  
  18  1:07  Extractor  
  18  1:08  Drone  
  18  1:17  Spawning Pool  
  17  1:20  Drone  
  18  1:29  Drone  
  19  1:38  Overlord  
  19  2:04  Queen x2  
  19  2:05  Zergling x6  
  26  2:09  Metabolic Boost  
  26  2:16  Drone x2  
  28  2:26  Drone x2  
  30  2:32  Overlord  
  30  2:36  Drone  
  31  2:41  Queen  
  31  2:43  Drone  
  34  2:47  Drone  
  35  2:56  Drone  
  35  2:58  Drone  
  37  3:05  Hatchery, Drone  
  37  3:08  Drone  
  38  3:13  Drone x3  
  38  3:14  Drone x3  
  44  3:26  Extractor, Queen  
  43  3:27  Extractor  
  43  3:28  Overlord  
  43  3:29  Overlord  
  46  3:39  Baneling Nest  
  46  3:41  Extractor  
  44  3:47  Drone x4  
  48  3:52  Drone  
  48  3:53  Drone x3  
  52  3:59  Zergling x2  
  52  4:00  Zergling x6, Spore Crawler x2  
  53  4:06  Evolution Chamber  
  53  4:08  Evolution Chamber  
  51  4:13  Zergling x4  
  53  4:19  Queen  
  53  4:24  Zergling x12  
  60  4:33  Drone  
  61  4:41  Spore Crawler  
  60  4:51  Drone  
  60  4:52  Drone x4  
  65  4:54  Zerg Melee Weapons Level 1, Zerg Ground Armor Level 1, Overlord  
  65  4:55  Overlord x2  
  64  5:08  Lair  
  64  5:10  Overlord x3  
  64  5:11  Overlord  
  64  5:22  Drone x4  
  64  5:23  Drone  
  64  5:25  Extractor x2  
  67  5:32  Drone  
  67  5:33  Drone x6  
  66  5:52  Drone x3  
  66  5:53  Drone  
  66  5:55  Extractor  
  66  5:57  Extractor, Drone x6  
  70  5:58  Zergling x6  
  77  6:04  Pneumatized Carapace  
  77  6:07  Hatchery  
  77  6:10  Centrifical Hooks  
  76  6:11  Drone x2  
  76  6:12  Zergling x8  
  76  6:13  Infestation Pit  
  81  6:22  Zergling x4  
  82  6:25  Baneling  
  82  6:26  Baneling x11  
  82  6:27  Zergling x8  
  82  6:28  Zergling x10  
  84  6:46  Zergling x6  
  84  6:47  Zergling x2  
  86  6:50  Zergling x6  
  79  6:58  Zergling x2  
  79  6:59  Zergling x4  
  79  7:11  Drone x4  
  79  7:12  Zerg Ground Armor Level 2, Zerg Melee Weapons Level 2  
  79  7:13  Hive  
  85  7:18  Zergling x2  
  86  7:25  Zergling x4  
  86  7:26  Zergling x2  
  87  7:31  Overseer  
  87  7:34  Zergling x6  
  90  7:39  Hatchery, Zergling x4  
  90  7:42  Zergling x4  
  90  7:43  Zergling x2  
  94  7:45  Zergling x4  
  94  7:46  Zergling x10  
  94  7:47  Baneling  
  94  7:48  Baneling x4  
  101  7:56  Overlord x2  
  101  8:00  Spire  
  101  8:04  Zergling x6  
  101  8:05  Zergling x2  
  87  8:21  Zergling x8  
  87  8:22  Zergling x18  
  94  8:29  Ultralisk Cavern, Adrenal Glands  
  94  8:31  Zergling x4  
  92  8:37  Overseer x2  
  92  8:47  Zergling x18  
  87  8:51  Baneling  
  87  8:52  Baneling x4  
  87  8:59  Overlord x2  
  87  9:13  Mutalisk  
  87  9:14  Mutalisk  
  91  9:17  Baneling  
  91  9:18  Baneling x3  
  91  9:24  Hatchery  
  86  9:28  Zergling x16  
  86  9:29  Zergling x2  
  88  9:40  Chitinous Plating  
  88  9:41  Ultralisk  
  94  9:47  Drone x4  
  94  9:48  Drone  
  99  9:58  Corruptor  
  99  9:59  Corruptor  
  103  10:07  Corruptor x2  
  103  10:10  Corruptor  
  108  10:22  Corruptor x2  
  102  10:29  Zergling x2  
  102  10:30  Zergling x10  
  107  10:38  Ultralisk  
  113  10:43  Corruptor  
  113  10:46  Baneling  
  113  10:47  Baneling x4  
  115  10:59  Zergling x18  
  124  11:10  Zergling x4  
  126  11:19  Ultralisk  
Tags
 
Add a new tag
Caveats
  • Supply blocks, unpowered buildings, or Contaminate may cause inaccurate times.
  • Supply counts are checked every 10 seconds.